 Dungeon Crawl Stone Soup version 0.31-a0-1612-g4aaf141004 (webtiles) character file.

Game seed: 17756828113559756466

4 innerfire43 the Grasshopper (level 1, 0/14 HPs)
             Began as a Demonspawn Wanderer on Jan 9, 2024.
             Slain by a jackal (1 damage)
             ... on level 1 of the Dungeon.
             The game lasted 00:00:25 (147 turns).

innerfire43 the Grasshopper (Demonspawn Wanderer)    Turns: 147, Time: 00:00:25

Health: 0/14       AC:  3    Str: 14    XL:     1   Next: 58%
Magic:  2/2        EV: 11    Int: 12    God:
Gold:   47         SH:  0    Dex: 10    Spells: 1/2 levels left

rFire   . . .        a - +0 hand axe
rCold   . . .        (no shield)
rNeg    . . .        d - +0 leather armour
rPois   .            (no helmet)
rElec   .            (no cloak)
rCorr   .            (no gloves)
SInv    .            (no boots)
Will    .....        (no amulet)
Stlth   +            (no ring)
HPRegen 0.22/turn    (no ring)
MPRegen 0.08/turn

%: no passive effects
@: no status effects
A: no striking features
a: no special abilities


You were on level 1 of the Dungeon.
You visited 1 branch of the dungeon, and saw 1 of its levels.

You collected 47 gold pieces.

Inventory:

Hand Weapons
 a - a +0 hand axe (weapon)
Armour
 d - a +0 leather armour (worn)
Wands
 b - a wand of polymorph (3)
Scrolls
 c - a scroll of blinking
 e - a scroll of teleportation {unknown}
Potions
 f - a potion of ambrosia {unknown}
 g - a potion of magic {unknown}


   Skills:
 * Level 0.5 Fighting
 + Level 2.7 Axes
 * Level 0.4 Armour
 - Level 1.0 Spellcasting
 - Level 3.6 Translocations
 - Level 2.0 Evocations


You had one spell level left.
You knew the following spells:

 Your Spells              Type           Power      Damage    Failure   Level
a - Apportation           Tloc           18%        N/A       9%          1

Your spell library contained the following spells:

 Spells                   Type           Power      Damage    Failure   Level
 Gell's Gravitas          Tloc           9%         N/A       26%         3
 Vhi's Electric Charge    Tloc/Air       8%         N/A       88%         4


Dungeon Overview and Level Annotations

Branches:
Dungeon (1/15)

Altars:


Message History

You closely miss the jackal.
The jackal is severely wounded.
The jackal barely misses you. The jackal closely misses you.
You hit the jackal.
The jackal is almost dead.
The jackal barely misses you.
You closely miss the jackal.
The jackal is almost dead.
The jackal closely misses you. The jackal bites you.
* * * LOW HITPOINT WARNING * * *
You closely miss the jackal.
The jackal is almost dead.
The jackal misses you. The jackal closely misses you.
You hit the jackal.
You kill the jackal!
The jackal closely misses you.
You hit the jackal.
The jackal is almost dead.
The jackal bites you but does no damage.
The jackal bites you.
* * * LOW HITPOINT WARNING * * *
You hit the jackal but do no damage.
The jackal is almost dead.
The jackal misses you.
You closely miss the jackal.
The jackal is almost dead.
The jackal bites you.
* * * LOW HITPOINT WARNING * * *
The jackal bites you.
* * * LOW HITPOINT WARNING * * *
You hit the jackal but do no damage.
The jackal is almost dead.
The jackal closely misses you.
You closely miss the jackal.
The jackal is almost dead.
The jackal barely misses you. x2
You barely miss the jackal.
The jackal is almost dead.
The jackal barely misses you. The jackal bites you.
You die...

#### ... #####
#.#######..(##
#hh@..##.....##
#####.........# .
###.......### >.
#............
#####.....#...##
...........##...♣♣
#####............P
#.......###♣.
##.......#


You could see 2 jackals.

Vanquished Creatures
  A hobgoblin (D:1)
  2 jackals (D:1)
  A frilled lizard (D:1)
4 creatures vanquished.

Notes
Turn   | Place    | Note
-------+----------+-------------------------------------------
     0 | D:1      | innerfire43 the Demonspawn Wanderer began the quest for the
                  | Orb.
     0 | D:1      | innerfire43 set off with the following items: a +0 hand
                  | axe, a wand of polymorph (3), a scroll of blinking, a +0
                  | leather armour; and the following spell memorised:
                  | Apportation; and the following spells available to
                  | memorise: Gell's Gravitas, Vhi's Electric Charge.
     0 | D:1      | Reached XP level 1. HP: 13/13 MP: 2/2
   147 | D:1      | Slain by a jackal

Illustrated notes

Levels and vault maps discovered:
D:1:      lemuel_arrival_river_bridge, layout_rooms, serial_forest,
          infiniplex_forest_side_room, infiniplex_forest_end_1,
          infiniplex_forest_lined_2, infiniplex_forest_side_room,
          infiniplex_forest_lined_room_2, infiniplex_forest_clump_large

Action                     || total
---------------------------++-------
  Melee: Hand axe          ||    34
 Armour: Leather armour    ||    25
  Dodge: Dodged            ||    30

Table legend: (Time is in decaauts)
 A = Elapsed time spent in this place.
 B = Non-inter-level travel time spent in this place.
 C = Inter-level travel time spent in this place.
 D = Time resting spent in this place.
 E = Time spent auto-exploring this place.
 F = Levels seen in this place.
 G = Mean time per level.
                   A        B        C        D        E       F      G
               +--------+--------+--------+--------+--------+-----+--------+
         Total |    152 |    152 |      0 |      0 |     95 |   1 |  152.0 |
       Dungeon |    152 |    152 |      0 |      0 |     95 |   1 |  152.0 |
               +--------+--------+--------+--------+--------+-----+--------+

Top non-repeatable levels by time:
     D:1: 152 daAuts
